 Dungeon Crawl Stone Soup version 0.23-a0-473-gc8aadda88e (webtiles) character file.

419809 LostNumber the Warrior (level 22, -5/188 HPs)
             Began as a Mummy Summoner on Nov 27, 2018.
             Was the Champion of Ru.
             Slain by an ettin
             ... wielding a +0 dire flail
              (40 damage)
             ... on level 5 of the Vaults on Nov 28, 2018.
             The game lasted 04:32:11 (73337 turns).

LostNumber the Warrior (Mummy Summoner)            Turns: 73337, Time: 04:32:12

Health: -5/188     AC: 20    Str: 19    XL:     22   Next: 91%
Magic:  23/40      EV: 22    Int: 30    God:    Ru [******]
Gold:   4980       SH:  7    Dex: 12    Spells: 11/49 levels left

rFire    + . .     SeeInvis .   c - +7 demon trident (freeze)
rCold    . . .     Gourm    .   b - +0 buckler {AC+3}
rNeg     + + +     Faith    .   k - +4 leather armour "Nadghefou" {Int+7 Stlth+}
rPois    ∞         Spirit   .   f - +2 helmet
rElec    .         Reflect  .   u - +2 cloak
rCorr    +         Harm     .   n - -1 pair of gloves of Jolehig {rPois rF++ Str+3 Dex-4}
MR       ++...                  s - +1 pair of boots
Stlth    ..........             y - amulet "Urchif" {rC- Regen+ Dex+3 Slay+5}
HPRegen  0.81/turn              a - ring of Rerixosh {rCorr Int+4}
MPRegen  0.27/turn              q - +4 ring of evasion

@: exhausted, about to teleport, drained
A: no food or potions, fire vulnerability, cold resistance 1, negative energy
resistance 3, torment resistance, unbreathing, no stealth, inability to use
devices, no charms magic, no fire magic, no hexes magic, inexperienced 1, in
touch with death 1
}: 1/15 runes: barnacled
a: Draw Out Power, Power Leap, Apocalypse, Renounce Religion


You were on level 5 of the Vaults.
You worshipped Ru.
Ru was exalted by your worship.
You were not hungry.

You visited 7 branches of the dungeon, and saw 41 of its levels.
You also visited: Labyrinth, Bailey and Wizlab.

You collected 5797 gold pieces.
You spent 817 gold pieces at shops.

Inventory:

Hand Weapons
 c - a +7 demon trident of freezing (weapon)
Armour
 b - a +0 buckler of protection (worn)
 e - a +1 pair of gloves of dexterity
 f - a +2 helmet (worn)
 h - a +0 pair of gloves of strength
 k - the +4 leather armour "Nadghefou" (worn) {Int+7 Stlth+}
   (You found it on level 5 of the Dungeon)

   It affects your intelligence (+7).
   It makes you more stealthy.
 n - the -1 pair of gloves of Jolehig (worn) {rPois rF++ Str+3 Dex-4}
   (You found it on level 1 of the Shoals)

   It affects your strength (+3).
   It affects your dexterity (-4).
   It greatly protects you from fire.
   It protects you from poison.
 s - a +1 pair of boots (worn)
 u - a +2 cloak (worn)
 A - +0 fire dragon scales
Jewellery
 a - the ring of Rerixosh (left hand) {rCorr Int+4}
   (You found it on level 15 of the Dungeon)

   [ring of resist corrosion]

   It affects your intelligence (+4).
 l - the ring of Fudda {rCorr Str+7}
   (You found it on level 5 of the Depths)

   [ring of resist corrosion]

   It affects your strength (+7).
 q - a +4 ring of evasion (right hand)
 x - the ring "Deraup" {rElec rN+ Int+4}
   (You found it on level 5 of the Depths)

   [ring of positive energy]

   It affects your intelligence (+4).
   It insulates you from electricity.
   It protects you from negative energy.
 y - the amulet "Urchif" (around neck) {rC- Regen+ Dex+3 Slay+5}
   (You took it off a vampire knight on level 5 of the Depths)

   [amulet of regeneration]

   It affects your dexterity (+3).
   It affects your accuracy and damage with ranged weapons and melee attacks
   (+5).
   It makes you vulnerable to cold.
   It increases your rate of regeneration.
 B - the ring of Memnueji {Wiz rPois MR+ Str+3 Dex-4 Slay+3}
   (You took it off a vampire knight on level 5 of the Depths)

   [ring of wizardry]

   It improves your spell success rate.
   It affects your strength (+3).
   It affects your dexterity (-4).
   It affects your accuracy and damage with ranged weapons and melee attacks
   (+3).
   It protects you from poison.
   It affects your resistance to hostile enchantments.
 C - an uncursed ring of fire
 E - an uncursed ring of ice
 I - a +2 ring of strength
 J - a +3 ring of strength
Scrolls
 d - 9 scrolls of teleportation
 g - 5 scrolls of immolation
 i - 7 scrolls of enchant armour
 j - 7 scrolls of magic mapping
 m - 17 scrolls of remove curse
 o - 2 scrolls of vulnerability
 p - 9 scrolls of blinking
 r - a scroll of silence
 t - 5 scrolls of fear
 v - 12 scrolls of identify
 w - 7 scrolls of amnesia
 z - 5 scrolls of fog
 F - a scroll of brand weapon


   Skills:
 + Level 19.4(18.7) Fighting
 - Level 14.0(13.3) Polearms
 - Level 10.0(9.4) Armour
 - Level 12.0(11.4) Dodging
 * Level 13.7(13.1) Shields
 - Level 14.0(13.4) Spellcasting
 - Level 9.0(8.4) Summonings
 - Level 12.0(11.4) Necromancy
 - Level 7.0(6.4) Ice Magic
 - Level 7.0(6.4) Air Magic
 - Level 8.0(7.4) Earth Magic


You had 11 spell levels left.
You knew the following spells:

 Your Spells              Type           Power        Failure   Level  Hunger
a - Summon Small Mammal   Summ           ####         1%          1    N/A
b - Call Imp              Summ           ######..     1%          2    N/A
c - Call Canine Familiar  Summ           ######..     1%          3    N/A
d - Summon Ice Beast      Ice/Summ       ######..     1%          4    N/A
e - Summon Lightning Spi  Summ/Air       ######..     1%          4    N/A
f - Mephitic Cloud        Conj/Pois/Air  ####....     3%          3    N/A
g - Borgnjor's Vile Clut  Necr/Erth      #######...   1%          5    N/A
h - Animate Dead          Necr           N/A          1%          4    N/A
i - Death Channel         Necr           #######...   4%          6    N/A
j - Shadow Creatures      Summ           N/A          14%         6    N/A

Your spell library contained the following spells:

 Spells                   Type           Power        Failure   Level  Hunger
 Freeze                   Ice            ####         1%          1    N/A
 Sandblast                Erth           ######       1%          1    N/A
 Shock                    Conj/Air       ####         1%          1    N/A
 Summon Butterflies       Summ           ######..     1%          1    N/A
 Passwall                 Tmut/Erth      #####...     1%          2    N/A
 Poisonous Vapours        Pois/Air       #####.       1%          2    N/A
 Throw Frost              Conj/Ice       #####.       1%          2    N/A
 Recall                   Summ/Tloc      N/A          1%          3    N/A
 Stone Arrow              Conj/Erth      #####.       1%          3    N/A
 Magic Dart               Conj           ###.         2%          1    N/A
 Static Discharge         Conj/Air       #####...     2%          3    N/A
 Aura of Abjuration       Summ           ######....   2%          5    N/A
 Lee's Rapid Deconstruct  Erth           ######....   3%          5    N/A
 Blink                    Tloc           N/A          4%          2    N/A
 Searing Ray              Conj           ###...       4%          2    N/A
 Sticks to Snakes         Tmut           ###.....     4%          2    N/A
 Petrify                  Tmut/Erth      #####...     6%          4    N/A
 Throw Icicle             Conj/Ice       #####...     8%          4    N/A
 Gell's Gravitas          Tloc           ###.......   9%          3    N/A
 Simulacrum               Ice/Necr       #######...   11%         6    N/A
 Lightning Bolt           Conj/Air       #####.....   21%         5    N/A
 Force Lance              Conj/Tloc      ###.....     28%         4    N/A
 Iskenderun's Mystic Bla  Conj           ###.....     28%         4    N/A
 Ozocubu's Refrigeration  Ice            ######....   30%         6    N/A
 Freezing Cloud           Conj/Ice/Air   #####.....   58%         6    N/A
 Monstrous Menagerie      Summ           ######....   58%         7    N/A
 Summon Greater Demon     Summ           ######....   58%         7    N/A
 Summon Hydra             Summ           ######....   58%         7    N/A
 Alistair's Intoxication  Tmut/Pois      ###.....     61%         5    N/A
 Irradiate                Conj/Tmut      ###.......   61%         5    N/A
 Venom Bolt               Conj/Pois      ###.......   61%         5    N/A
 Iron Shot                Conj/Erth      #####.....   67%         6    N/A
 Bolt of Cold             Conj/Ice       #####.....   75%         6    N/A
 Conjure Ball Lightning   Conj/Air       #####.....   75%         6    N/A
 Malign Gateway           Summ/Tloc      #####.....   99%         7    N/A
 Summon Horrible Things   Summ           ######....   99%         8    N/A
 Orb of Destruction       Conj           ###.......   100%        7    N/A
 Shatter                  Erth           ######....   100%        9    N/A
 Tornado                  Air            ######....   100%        9    N/A
 Ensorcelled Hibernation  Hex/Ice        Unusable     N/A         2    N/A
 Sublimation of Blood     Necr           Unusable     N/A         2    N/A
 Summon Guardian Golem    Hex/Summ       Unusable     N/A         3    N/A
 Beastly Appendage        Tmut           Unusable     N/A         1    N/A
 Confusing Touch          Hex            Unusable     N/A         1    N/A
 Corona                   Hex            Unusable     N/A         1    N/A
 Flame Tongue             Conj/Fire      Unusable     N/A         1    N/A
 Ozocubu's Armour         Chrm/Ice       Unusable     N/A         3    N/A
 Slow                     Hex            Unusable     N/A         2    N/A
 Throw Flame              Conj/Fire      Unusable     N/A         2    N/A
 Ice Form                 Ice/Tmut       Unusable     N/A         4    N/A
 Confuse                  Hex            Unusable     N/A         3    N/A
 Conjure Flame            Conj/Fire      Unusable     N/A         3    N/A
 Dazzling Spray           Conj/Hex       Unusable     N/A         3    N/A
 Ignite Poison            Fire/Tmut/Pois Unusable     N/A         3    N/A
 Inner Flame              Hex/Fire       Unusable     N/A         3    N/A
 Spider Form              Tmut/Pois      Unusable     N/A         3    N/A
 Tukima's Dance           Hex            Unusable     N/A         3    N/A
 Summon Mana Viper        Hex/Summ       Unusable     N/A         5    N/A
 Metabolic Englaciation   Hex/Ice        Unusable     N/A         5    N/A
 Silence                  Hex/Air        Unusable     N/A         5    N/A
 Fulminant Prism          Conj/Hex       Unusable     N/A         4    N/A
 Sticky Flame             Conj/Fire      Unusable     N/A         4    N/A
 Bolt of Magma            Conj/Fire/Erth Unusable     N/A         5    N/A
 Blade Hands              Tmut           Unusable     N/A         5    N/A
 Fireball                 Conj/Fire      Unusable     N/A         5    N/A
 Iskenderun's Battlesphe  Conj/Chrm      Unusable     N/A         5    N/A
 Yara's Violent Unravell  Hex/Tmut       Unusable     N/A         5    N/A
 Deflect Missiles         Chrm/Air       Unusable     N/A         6    N/A
 Ring of Flames           Chrm/Fire      Unusable     N/A         7    N/A
 Ignition                 Fire           Unusable     N/A         8    N/A

Dungeon Overview and Level Annotations

Branches:
Dungeon (15/15)            Temple (0/1) D:6            Lair (6/6) D:9
 Shoals (4/4) Lair:4       Spider (4/4) Lair:4        Slime (0/5) Lair:5
    Orc (2/2) D:12            Elf (0/3) Orc:2        Vaults (5/5) D:13
  Crypt (0/3) Vaults:3     Depths (5/5) D:15            Zot (0/5) Depths:5

Altars:
Ashenzari
Hepliaklqana
Kikubaaqudgha
Makhleb
Okawaru
Ru
Sif Muna
Uskayaw
Vehumet
Wu Jian
Yredelemnul
The Shining One

Shops:
Orc:2 (%}%[   Shoals:2 (   Vaults:1 *   Vaults:3 [

Portals:
Hell: Depths:2 Depths:3 Depths:4 Depths:5
Abyss: Depths:1 Depths:3 Depths:4 Depths:5
Pandemonium: Orc:2 Depths:2 Depths:3 Depths:4
Ziggurat: Depths:4

Annotations:
D:10 exclusion: 2 downstairs
Lair:3 exclusion: 2 oklob plants
Shoals:2 1 runed door
Depths:2 2 runed doors


Innate Abilities, Weirdness & Mutations

You do not eat or drink.
Your flesh is vulnerable to fire.
You are immune to poison.
Your flesh is cold resistant. (rC+)
You are immune to negative energy. (rN+++)
You are immune to unholy pain and torment.
You can survive without breathing.
You cannot be stealthy.
You cannot study or use magical devices.
You cannot study or cast Charms magic.
You cannot study or cast Fire magic.
You cannot study or cast Hexes magic.
You are somewhat inexperienced. (-2 XL)
You are in touch with the powers of death.


Message History

Aim: an ettin, wielding two +0 dire flails You feel a surge of power!
Decaying hands burst forth from the earth!
Zombie hands grab the ettin.
The zombie hands constrict the ettin.
The ettin closely misses you.
The ettin hits you with a +0 dire flail!!
* * * LOW HITPOINT WARNING * * *
Unknown command.
You puncture the ettin! You freeze the ettin.
The ettin is moderately wounded.
The zombie hands constrict the ettin!
Unknown command.
You impale the ettin!! You freeze the ettin.
The ettin is almost dead.
The zombie hands constrict the ettin.
The frost giant begins to cast a spell, but is stunned by your will!
A tengu reaver comes into view.
It is wielding a +1 battleaxe of chopping and The ettin closely misses you.
The ettin hits you with a +0 dire flail!!!
You die...

#....# ##.
#.. ##..
... #..##
#...##
#...#
#C.##
#.@.#
##....CQ..
##.......
####.## ..
.


You could see a frost giant, a tengu reaver and an ettin.

Vanquished Creatures
  Sojobo (Depths:2)
  Boris (Vaults:3)
  Margery (Depths:5)
  Saint Roka (Vaults:4)
  A golden dragon (Depths:4)
  Jory (Vaults:3)
  Arachne (Spider:4)
  A lich (Depths:5)
  3 tentacled monstrosities
  Asterion (Vaults:3)
  Rupert (Lair:6)
  Polyphemus (Shoals:2)
  A quicksilver dragon (shapeshifter) (Depths:4)
  2 titans (Depths:5)
  The ghost of feamirim the Executioner, an adept DsFi of Okawaru (Vaults:1)
  4 tengu reavers
  3 fire giants
  Ilsuiw (Shoals:2)
  3 frost giants
  An orc warlord (Orc:1)
  An iron dragon (Depths:4)
  A cacodemon (Depths:2)
  11 vault wardens
  An emperor scorpion (Spider:1)
  4 deep elf sorcerers
  Louise (Spider:4)
  17 ironheart preservers
  13 very ugly things
  2 draconian annihilators (Depths:5)
  5 entropy weavers
  20 stone giants
  A spriggan defender (Depths:5)
  A lorocyproca (Depths:4)
  4 deep elf annihilators
  A vampire knight (Depths:5)
  2 deep elf demonologists
  Azrael (D:15)
  11 purple draconians (WizLab)
  A minotaur (Lab)
  A dire elephant (D:15)
  6 spark wasps
  3 statues (WizLab)
  A green death (Depths:2)
  A deep elf death mage (Depths:3)
  A blizzard demon (Depths:2)
  19 ettins
  A merfolk javelineer (Shoals:2)
  8 fire dragons
  7 merfolk impalers (Shoals:4)
  A deep elf high priest (Vaults:5)
  10 great orbs of eyes
  8 yaktaur captains
  30 vault guards
  11 ice dragons
  3 hydras
  A catoblepas (Shoals:2)
  A spriggan air mage (Depths:5)
  6 centaur warriors
  A merfolk avatar (Shoals:3)
  5 alligator snapping turtles
  65 two-headed ogres
  2 satyrs (Shoals:3)
  3 deep troll shamans
  5 merfolk aquamancers
  2 titan zombies (Depths:4)
  14 ogre magi
  2 deep troll earth magi
  5 tengu warriors
  6 orc high priests
  4 vampire magi
  13 death yaks
  2 naga sharpshooters (Depths:5)
  3 spriggan berserkers
  A soul eater (Depths:4)
  A queen ant (D:11)
  A sun demon (Depths:2)
  8 deep elf knights
  A sixfirhy (Orc:2)
  A glowing orange brain (shapeshifter) (Vaults:3)
  Sonja (Orc:2)
  19 hell knights
  2 shadow wraiths
  A death drake (shapeshifter) (Depths:4)
  3 unseen horrors
  21 deep trolls
  17 sea snakes
  A flayed ghost (Vaults:3)
  5 torturous demonspawn
  An infernal demonspawn (Orc:2)
  5 ironbrand convokers
  A shadow demon (Depths:2)
  2 deep elf archers
  7 glowing orange brains
  A wolf spider zombie (D:15)
  A harpy (shapeshifter) (Depths:5)
  6 necromancers
  29 deep elf magi
  25 ugly things
  18 wolf spiders
  8 orc sorcerers
  11 orc knights
  17 orb spiders
  2 manticores (shapeshifter)
  14 fauns
  8 manticores
  A moth of wrath (shapeshifter) (Vaults:4)
  2 moths of wrath
  11 cyclopes
  A stone giant zombie (Depths:4)
  8 elephants
  A guardian serpent (Lair:6)
  13 merfolk sirens
  6 black mambas (Lair:6)
  2 rust devils (Depths:4)
  A black mamba (shapeshifter) (Depths:3)
  A guardian serpent (shapeshifter) (D:13)
  A torpor snail (Lair:6)
  6 vault sentinels
  Maurice (D:11)
  An ice statue (Spider:1)
  4 water nymphs (Shoals:1)
  A centaur skeleton (D:15)
  A smoke demon (Depths:2)
  An orange demon (Depths:2)
  2 gargoyles (D:13)
  7 spiny frogs
  30 yaktaurs
  3 komodo dragons
  2 freezing wraiths
  4 kobold demonologists (Depths:2)
  A rime drake (Lair:4)
  17 demonic crawlers
  2 tengu conjurers
  5 hellwings
  A jumping spider (shapeshifter) (D:14)
  7 trolls
  An ice devil (Orc:2)
  2 red devils (Orc:2)
  21 jumping spiders
  2 hornets
  A troll (shapeshifter) (Vaults:2)
  A harpy skeleton (D:14)
  17 merfolk
  A tyrant leech (shapeshifter) (Depths:4)
  4 blink frogs
  11 wind drakes
  A raiju (shapeshifter) (D:13)
  7 slime creatures
  A dream sheep (shapeshifter) (Depths:3)
  2 hippogriffs (shapeshifter)
  5 hippogriffs
  12 snapping turtles
  6 dream sheep
  A centaur simulacrum (D:15)
  28 tarantellas
  11 water elementals
  A tarantella (shapeshifter) (Vaults:4)
  2 ynoxinuls (Depths:2)
  47 redbacks
  24 yaks
  A basilisk (D:15)
  5 wyverns
  3 fire elementals (D:15)
  2 wraiths
  A human (shapeshifter) (Depths:1)
  2 human simulacra
  4 neqoxecs
  7 wargs
  3 hungry ghosts
  3 vampire mosquitoes (Spider:3)
  A warg (shapeshifter) (Vaults:2)
  15 soldier ants (D:11)
  8 water moccasins
  4 hell hounds (D:15)
  2 porcupines (Lair:3)
  3 floating eyes
  2 eyes of draining
  A black bear (D:11)
  44 orc warriors
  An ettin simulacrum (Vaults:1)
  An ice beast (shapeshifter) (Vaults:4)
  A sky beast (D:11)
  5 phantoms
  A sky beast (shapeshifter) (Vaults:1)
  37 ogres
  A boggart (Vaults:3)
  2 wolves
  19 centaurs
  3 crocodiles
  2 big kobolds
  11 bullfrogs
  A cyclops zombie (Depths:4)
  An elf simulacrum (Vaults:1)
  A scorpion (D:14)
  A hornet simulacrum (D:15)
  A killer bee (D:8)
  2 wights (D:10)
  An electric eel (Lair:4)
  7 crimson imps
  2 centaur zombies
  2 jellies (D:11)
  2 quasits (D:11)
  4 hounds
  21 orc priests
  3 iron imps (Depths:4)
  16 orc wizards
  2 bullfrog skeletons (D:13)
  An iguana (D:3)
  25 worker ants
  A hound skeleton (D:4)
  A worker ant zombie (D:11)
  A gnoll (D:3)
  2 adders
  4 shadow imps
  3 white imps
  An ufetubus (Depths:4)
  An adder skeleton (D:8)
  3 dart slugs (D:1)
  3 leopard geckos
  82 orcs
  A ball python (D:2)
  5 bats
  A giant cockroach (D:1)
  11 goblins
  5 hobgoblins
  3 jackals (D:1)
  2 quokkas
  8 frilled lizards
  12 kobolds
  2 rats
  A bush (Depths:4)
  2 fungi
  10 plants
  A tentacle (Shoals:4)
1425 creatures vanquished.

Vanquished Creatures (collateral kills)
  2 juggernauts
  A kraken (Shoals:4)
  A tengu reaver (Depths:2)
  A fire giant (Depths:5)
  2 vault wardens
  An emperor scorpion (Spider:2)
  An ironheart preserver (Vaults:1)
  An entropy weaver (Spider:3)
  3 very ugly things
  A vampire knight (Depths:5)
  A green death (Depths:3)
  2 statues (WizLab)
  A crystal guardian (Vaults:4)
  An ice dragon (Depths:4)
  4 vault guards
  A yaktaur captain (Vaults:4)
  3 hydras
  2 rakshasas
  2 merfolk avatars
  An alligator snapping turtle (Shoals:2)
  A merfolk aquamancer (Depths:5)
  5 ogre magi
  7 death yaks
  A death knight (Vaults:3)
  9 two-headed ogres
  A deep troll shaman (Depths:5)
  2 deep troll earth magi
  2 hell knights (Depths:2)
  A skeletal warrior (Vaults:3)
  3 deep trolls
  3 unseen horrors
  An ironbrand convoker (Vaults:1)
  An orc knight (Vaults:4)
  A faun (Shoals:1)
  8 oklob plants
  A necromancer (Depths:2)
  A manticore (Shoals:4)
  2 wolf spiders
  3 deep elf magi
  3 ugly things
  2 vault sentinels
  4 black mambas (Lair:6)
  2 merfolk sirens
  9 elephants
  9 spiny frogs
  A minotaur skeleton (Lab)
  A rime drake (Lair:5)
  3 slime creatures
  A merfolk (Shoals:4)
  A dream sheep (Lair:6)
  13 blink frogs
  A snapping turtle (Lair:4)
  2 hippogriffs
  A redback (Lair:6)
  A shadow (D:14)
  A wraith (D:13)
  A spriggan (D:9)
  A tarantella (Lair:4)
  12 wyverns
  18 yaks
  A human (shapeshifter) (Vaults:4)
  A fire elemental (D:14)
  A basilisk (D:9)
  2 hungry ghosts
  Menkaure (D:6)
  6 water moccasins
  A soldier ant (D:11)
  4 porcupines
  2 black bears (D:9)
  2 ice beasts (D:5)
  3 sky beasts
  3 orc warriors
  7 ogres
  2 phantoms
  A necrophage (D:10)
  17 wolves
  2 centaurs
  7 crocodiles
  5 bullfrogs
  3 scorpions (D:9)
  7 killer bees
  6 wights (D:10)
  2 howler monkeys
  3 crimson imps
  A centaur zombie (D:7)
  2 jellies
  2 quasits
  A bullfrog skeleton (D:6)
  2 orc priests
  3 hounds
  3 orc wizards
  An iguana (D:7)
  3 worker ants
  A hound zombie (D:7)
  Robin (D:3)
  8 adders
  4 gnolls
  2 shadow imps
  A worm (D:5)
  2 leopard geckos
  22 orcs
  8 goblins
  3 hobgoblins (D:3)
  4 jackals
  2 quokkas (D:7)
  10 kobolds
  A rat (D:3)
  A fungus (D:9)
  3 plants (Lair:4)
  A tentacle (Shoals:4)
353 creatures vanquished.

Vanquished Creatures (others)
  Nikola (Spider:3)
  A tengu reaver (Depths:2)
  A vault warden (Vaults:2)
  An ironheart preserver (Vaults:2)
  A draconian annihilator (Depths:5)
  A very ugly thing (Depths:5)
  A deep elf demonologist (Depths:2)
  2 ettins
  An ogre mage (Depths:2)
  2 two-headed ogres
  A deep troll earth mage (Depths:2)
  A deep elf knight (Vaults:4)
  A flayed ghost (Depths:5)
  An orc knight (Orc:2)
  2 wolf spiders
  A manticore (D:15)
  A vault sentinel (Vaults:2)
  A gargoyle (D:13)
  2 demonic crawlers
  A jumping spider (Spider:1)
  A hornet (Spider:3)
  A meliai zombie (D:13)
  A redback (Spider:3)
  A yak (Lair:6)
  A ynoxinul (Depths:2)
  2 tarantellas (Spider:3)
  A warg (Orc:1)
  An orc warrior (Orc:2)
  3 ogres
  A centaur (Vaults:1)
  A wyvern skeleton (D:15)
  A bullfrog zombie (D:9)
  36 bushes
  44 fungi
  39 plants
  2 tentacles (Shoals:4)
160 creatures vanquished.

Grand Total: 1938 creatures vanquished

Notes
Turn   | Place    | Note
-------+----------+-------------------------------------------
     0 | D:1      | LostNumber the Mummy Summoner began the quest for the Orb.
     0 | D:1      | Reached XP level 1. HP: 13/13 MP: 4/4
   205 | D:1      | Reached XP level 2. HP: 20/20 MP: 5/5
   215 | D:1      | Learned a level 2 spell: Call Imp
   561 | D:1      | Reached skill level 1 in Fighting
   706 | D:1      | Reached XP level 3. HP: 26/26 MP: 7/7
  1009 | D:2      | Learned a level 3 spell: Call Canine Familiar
  1170 | D:2      | Reached skill level 1 in Polearms
  1174 | D:2      | Reached XP level 4. HP: 27/32 MP: 7/9
  1400 | D:2      | Found a sacrificial altar of Ru.
  1408 | D:2      | Became a worshipper of Ru the Awakened
  1774 | D:3      | Noticed Robin
  1923 | D:3      | Found a deep blue altar of Sif Muna.
  2022 | D:3      | Killed Robin
  2684 | D:3      | Reached XP level 5. HP: 38/38 MP: 7/10
  2690 | D:3      | Learned a level 4 spell: Summon Ice Beast
  3039 | D:3      | Reached skill level 2 in Fighting
  3348 | D:4      | Noticed a phantom
  3403 | D:4      | Killed a phantom
  3579 | D:4      | Reached skill level 1 in Ice Magic
  3865 | D:4      | Gained mutation: You are somewhat inexperienced. (-2 XL)
                  | [Ru sacrifice]
  3865 | D:4      | Reached XP level 4. HP: 33/33 MP: 10/10
  3865 | D:4      | Reached XP level 3. HP: 27/27 MP: 8/8
  3865 | D:4      | Reached * piety under Ru
  3865 | D:4      | Reached ** piety under Ru
  3928 | D:4      | Reached XP level 4. HP: 21/33 MP: 3/10
  4295 | D:4      | Found a hazy altar of Hepliaklqana.
  4577 | D:5      | Entered Level 5 of the Dungeon
  4594 | D:5      | Reached XP level 5. HP: 32/38 MP: 6/11
  4627 | D:5      | Noticed an ice beast
  4696 | D:5      | Noticed a sky beast
  4716 | D:4      | Killed a sky beast
  5004 | D:5      | Noticed an ice beast
  5076 | D:5      | Killed an ice beast
  5169 | D:5      | Got a crude leather armour
  5180 | D:5      | Identified the +4 leather armour "Nadghefou" {Int+7 Stlth+}
                  | (You found it on level 5 of the Dungeon)
  5216 | D:5      | Noticed a sky beast
  5288 | D:5      | Killed a sky beast
  5288 | D:5      | Reached XP level 6. HP: 23/46 MP: 0/12
  5540 | D:5      | Killed an ice beast
  5596 | D:5      | Reached skill level 5 in Summonings
  5763 | D:6      | Learned a level 4 spell: Summon Lightning Spire
  5773 | D:6      | Noticed a deep elf mage
  5786 | D:6      | Noticed a redback
  5786 | D:6      | Noticed a redback
  5788 | D:6      | Noticed a smoke demon
  5788 | D:6      | Killed a deep elf mage
  5788 | D:6      | Reached skill level 3 in Fighting
  5788 | D:6      | Reached skill level 1 in Air Magic
  5788 | D:6      | Reached XP level 7. HP: 25/52 MP: 3/14
  6099 | D:6      | Found a staircase to the Ecumenical Temple.
  6113 | D:6      | Found a hide-covered altar of Uskayaw.
  6138 | D:6      | Noticed Menkaure
  6150 | D:6      | Killed Menkaure
  6392 | D:6      | Reached skill level 5 in Spellcasting
  6975 | D:7      | Reached XP level 8. HP: 42/58 MP: 9/15
  8052 | D:7      | Found a glowing golden altar of the Shining One.
  8218 | D:8      | Noticed a white ugly thing
  8219 | D:8      | Noticed a slime creature
  8337 | D:8      | Found a flagged portal.
  8411 | Bailey   | Entered a bailey
  8421 | Bailey   | Noticed an orc knight
  8440 | Bailey   | Noticed an orc knight
  8460 | Bailey   | Noticed an orc knight
  8507 | Bailey   | Reached skill level 4 in Fighting
  9217 | D:8      | Found an ornate altar of the Wu Jian Council.
  9540 | D:9      | Reached XP level 9. HP: 61/65 MP: 16/18
  9647 | D:9      | Found a staircase to the Lair.
 10464 | D:10     | Entered Level 10 of the Dungeon
 10605 | D:10     | Noticed a two-headed ogre
 10618 | D:10     | Killed a two-headed ogre
 10618 | D:10     | Reached skill level 5 in Fighting
 10925 | D:10     | Learned a level 3 spell: Mephitic Cloud
 11265 | D:10     | Learned a level 5 spell: Borgnjor's Vile Clutch
 11606 | D:10     | Killed an unseen horror
 11606 | D:10     | Reached skill level 5 in Air Magic
 11606 | D:10     | Reached XP level 10. HP: 20/74 MP: 13/20
 11880 | D:11     | Noticed a manticore
 11880 | D:11     | Noticed a white ugly thing
 11917 | D:11     | Noticed a cyan ugly thing
 12059 | Lair:1   | Entered Level 1 of the Lair of Beasts
 12071 | D:9      | Reached skill level 5 in Ice Magic
 12154 | D:9      | Reached skill level 1 in Necromancy
 12486 | Lair:1   | Noticed a spiny frog
 12497 | Lair:1   | Killed a spiny frog
 12752 | Lair:1   | Noticed a spiny frog
 12891 | Lair:1   | Killed a spiny frog
 12891 | Lair:1   | Reached skill level 1 in Earth Magic
 12990 | Lair:2   | Noticed a spiny frog
 12998 | Lair:2   | Killed a spiny frog
 13409 | Lair:2   | Reached skill level 6 in Fighting
 13410 | Lair:2   | Reached skill level 5 in Polearms
 13652 | Lair:2   | Noticed a spiny frog
 13654 | Lair:2   | Noticed a spiny frog
 13667 | Lair:2   | Killed a spiny frog
 13959 | Lair:2   | Killed a spiny frog
 14381 | Lair:3   | Noticed an oklob plant
 14381 | Lair:3   | Noticed an oklob plant
 14435 | Lair:3   | Reached XP level 11. HP: 65/81 MP: 21/23
 15609 | Lair:3   | Reached skill level 5 in Necromancy
 15974 | Lair:4   | Gained mutation: You cannot be stealthy. [Ru sacrifice]
 15974 | Lair:4   | Reached *** piety under Ru
 16026 | Lair:4   | Noticed a seven-headed hydra
 16041 | Lair:4   | Killed a seven-headed hydra
 16103 | Lair:4   | Noticed a seven-headed hydra
 16109 | Lair:4   | Killed a seven-headed hydra
 16564 | Lair:4   | Found a hole to the Spider Nest.
 16621 | Lair:4   | Reached skill level 7 in Fighting
 17463 | Lair:4   | Noticed an oklob plant
 17467 | Lair:4   | Killed an oklob plant
 17477 | Lair:4   | Noticed an oklob plant
 17490 | Lair:4   | Killed an oklob plant
 17633 | Lair:4   | Noticed an oklob plant
 17648 | Lair:4   | Killed an oklob plant
 17669 | Lair:4   | Noticed an oklob plant
 17677 | Lair:4   | Killed an oklob plant
 17922 | Lair:4   | Found a staircase to the Shoals.
 18169 | Lair:4   | Learned a level 4 spell: Animate Dead
 18331 | Lair:5   | Noticed an oklob plant
 18628 | Lair:5   | Killed an oklob plant
 18628 | Lair:5   | Reached XP level 12. HP: 79/91 MP: 19/24
 18676 | Lair:5   | Found a staircase to the Slime Pits.
 19464 | Lair:5   | Noticed a six-headed hydra
 19478 | Lair:5   | Killed a six-headed hydra
 20064 | Lair:6   | Entered Level 6 of the Lair of Beasts
 20074 | Lair:6   | Noticed Rupert
 20240 | Lair:6   | Noticed a death yak
 20240 | Lair:6   | Noticed a death yak
 20468 | Lair:6   | Reached skill level 8 in Fighting
 20470 | Lair:6   | Gained mutation: You cannot study or cast Fire magic. [Ru
                  | sacrifice]
 20470 | Lair:6   | Gained mutation: You cannot study or cast Hexes magic. [Ru
                  | sacrifice]
 20470 | Lair:6   | Gained mutation: You cannot study or cast Charms magic. [Ru
                  | sacrifice]
 20470 | Lair:6   | Reached **** piety under Ru
 21119 | Lair:6   | Reached skill level 5 in Earth Magic
 21393 | Lair:6   | Noticed a death yak
 21393 | Lair:6   | Noticed a death yak
 21393 | Lair:6   | Noticed a death yak
 21393 | Lair:6   | Noticed a death yak
 21394 | Lair:6   | Noticed a death yak
 21394 | Lair:6   | Noticed a death yak
 21395 | Lair:6   | Noticed a death yak
 21395 | Lair:6   | Noticed a death yak
 21396 | Lair:6   | Noticed a death yak
 21397 | Lair:6   | Noticed a death yak
 21403 | Lair:6   | Killed a death yak
 23430 | Lair:6   | Killed a death yak
 23430 | Lair:6   | Reached skill level 9 in Fighting
 23439 | Lair:6   | Killed a death yak
 23458 | Lair:6   | Reached skill level 10 in Necromancy
 23474 | Lair:6   | Gained mutation: You are in touch with the powers of death.
                  | [Mummy growth]
 23474 | Lair:6   | Reached XP level 13. HP: 64/101 MP: 6/25
 24834 | Lair:6   | Killed Rupert
 26268 | D:11     | Noticed Maurice
 26399 | D:11     | Killed Maurice
 26655 | D:11     | Gained mutation: You cannot study or use magical devices.
                  | [Ru sacrifice]
 26655 | D:11     | Reached ***** piety under Ru
 26655 | D:11     | Reached ****** piety under Ru
 26791 | D:11     | Reached skill level 10 in Fighting
 27486 | D:12     | Found a labyrinth entrance.
 27491 | Lab      | Entered a labyrinth
 27659 | Lab      | Got a crude plate armour
 27660 | Lab      | Identified the +6 plate armour "Seuxtuott" {rPois MR+} (You
                  | found it in a labyrinth)
 27907 | Lab      | Noticed a minotaur
 27929 | Lab      | Killed a minotaur
 28093 | Lab      | Got a dazzling chain mail
 28112 | D:12     | Identified the +8 chain mail of Uzy Xul {rF+ rCorr Int-5
                  | Dex+4} (You found it in a labyrinth)
 28469 | D:12     | Reached XP level 14. HP: 110/110 MP: 27/27
 28607 | D:12     | Found a staircase to the Orcish Mines.
 28829 | D:13     | Found an iron altar of Okawaru.
 29953 | D:13     | Reached skill level 10 in Spellcasting
 30117 | D:13     | Found a gate to the Vaults.
 30117 | D:13     | Noticed an ironheart preserver
 30139 | D:13     | Killed an ironheart preserver
 31320 | D:14     | Reached skill level 5 in Dodging
 31574 | D:15     | Entered Level 15 of the Dungeon
 31607 | D:15     | Found a shattered altar of Ashenzari.
 31891 | D:15     | Reached skill level 11 in Fighting
 32018 | D:15     | Found a staircase to the Depths.
 32384 | D:15     | Got a shimmering glass ring
 32465 | D:15     | Reached skill level 10 in Polearms
 32628 | D:15     | Identified the ring of Rerixosh {rCorr Int+4} (You found it
                  | on level 15 of the Dungeon)
 32934 | D:15     | Noticed Azrael
 33238 | Orc:1    | Entered Level 1 of the Orcish Mines
 33316 | Orc:2    | Entered Level 2 of the Orcish Mines
 33505 | Orc:2    | Found Sosuc's Food Boutique.
 33523 | Orc:2    | Reached XP level 15. HP: 56/119 MP: 7/30
 33996 | Orc:2    | Found Ocegy's Food Shop.
 34212 | Orc:2    | Found a staircase to the Elven Halls.
 34264 | Orc:2    | Noticed Sonja
 34270 | Orc:2    | Killed Sonja
 35275 | Orc:2    | Found Quoxam's Antique Weapon Emporium.
 35275 | Orc:2    | Found Kiom's Gadget Shoppe.
 35275 | Orc:2    | Found a one-way gate leading to the halls of Pandemonium.
 35538 | Orc:2    | Found Kiov's Antique Armour Shop.
 35546 | Orc:2    | Bought a shiny buckler for 195 gold pieces
 35551 | Orc:2    | Bought a pair of runed gloves for 195 gold pieces
 35556 | Orc:2    | Bought a pair of glowing gloves for 195 gold pieces
 35936 | Orc:1    | Noticed an orc warlord
 35945 | Orc:1    | Reached skill level 1 in Shields
 35960 | Orc:1    | Killed an orc warlord
 36409 | Spider:1 | Entered Level 1 of the Spider Nest
 37283 | Spider:1 | Reached skill level 12 in Fighting
 39516 | Spider:3 | Noticed Nikola
 39727 | Spider:2 | Reached XP level 16. HP: 60/129 MP: 17/32
 40827 | Spider:3 | Killed Nikola
 41912 | Spider:4 | Entered Level 4 of the Spider Nest
 41927 | Spider:3 | Reached skill level 13 in Fighting
 42924 | Spider:4 | Noticed Arachne
 42940 | Spider:4 | Killed Arachne
 43160 | Spider:4 | Noticed Louise
 43181 | Spider:4 | Killed Louise
 43961 | Shoals:1 | Entered Level 1 of the Shoals
 44343 | Shoals:1 | Got a pair of faintly humming gloves
 44401 | Shoals:1 | Identified the cursed -1 pair of gloves of Jolehig {rPois
                  | rF++ Str+3 Dex-4} (You found it on level 1 of the Shoals)
 45567 | Shoals:2 | Learned a level 6 spell: Death Channel
 45595 | Shoals:2 | Reached skill level 14 in Fighting
 45807 | Shoals:2 | Reached XP level 17. HP: 137/139 MP: 29/33
 45824 | Shoals:2 | Reached skill level 1 in Armour
 45829 | Shoals:2 | Noticed Polyphemus
 45861 | Shoals:2 | Killed Polyphemus
 46053 | Shoals:2 | Found a runed door.
 46231 | Shoals:2 | Noticed Ilsuiw
 46570 | Shoals:2 | Killed Ilsuiw
 46729 | Shoals:2 | Found Bosto's Antique Weapon Boutique.
 47603 | Shoals:4 | Entered Level 4 of the Shoals
 48055 | Shoals:4 | Got a barnacled rune of Zot
 48490 | Shoals:4 | Noticed a kraken
 48508 | Shoals:4 | Killed a kraken
 49474 | Shoals:4 | Reached skill level 15 in Fighting
 49492 | Shoals:4 | Reached skill level 5 in Armour
 50010 | Shoals:4 | Upgraded the game from 0.23-a0-470-g6f7cfd9739 to
                  | 0.23-a0-473-gc8aadda88e
 50252 | Vaults:1 | Entered Level 1 of the Vaults
 50770 | Vaults:1 | Noticed a Hell Sentinel
 50919 | Vaults:1 | Reached XP level 18. HP: 121/149 MP: 31/34
 51451 | Vaults:1 | Found a runed door.
 51451 | Vaults:1 | Noticed feamirim's ghost (adept DsFi)
 51565 | Vaults:1 | Found Faweiban's Assorted Antiques.
 51579 | Vaults:1 | Bought a scroll of blinking for 232 gold pieces
 52324 | Vaults:2 | Reached skill level 16 in Fighting
 52327 | Vaults:2 | Reached skill level 10 in Dodging
 55194 | Vaults:3 | Found Honefrem's Armour Boutique.
 55227 | Vaults:3 | Noticed Boris
 55380 | Vaults:3 | Reached XP level 19. HP: 142/157 MP: 1/35
 55388 | Vaults:3 | Killed Boris
 56600 | Vaults:3 | Noticed Asterion
 56616 | Vaults:3 | Killed Asterion
 56729 | Vaults:3 | Found a staircase to the Crypt.
 56729 | Vaults:3 | Found an ancient bone altar of Kikubaaqudgha.
 56730 | Vaults:3 | Found a basalt altar of Yredelemnul.
 56866 | Vaults:3 | Noticed Jory
 56887 | Vaults:3 | Killed Jory
 57751 | Vaults:4 | Found a magical portal.
 57756 | WizLab   | Entered Iskenderun's Mystic Tower
 59514 | WizLab   | Identified Iskenderun's Compendium of Combat Magic
 59514 | WizLab   | Identified Iskenderun's Handbook of Blows and Bruises
 59622 | WizLab   | Identified the Compendium of Damaging Contamination
 59755 | Vaults:4 | Reached XP level 20. HP: 147/167 MP: 2/37
 60088 | Vaults:4 | Noticed Saint Roka
 60106 | Vaults:4 | Killed Saint Roka
 60106 | Vaults:4 | Reached skill level 17 in Fighting
 60113 | Vaults:4 | Identified the +0 plate armour of the Gloaming {rElec rF+
                  | MR- Stlth+}
 60246 | Vaults:4 | Reached skill level 5 in Shields
 62516 | D:15     | Killed Azrael
 62664 | Depths:1 | Entered Level 1 of the Depths
 62792 | Depths:1 | Found a one-way gate to the infinite horrors of the Abyss.
 64037 | Depths:1 | You fall through a shaft!
 64396 | Depths:2 | Found a gateway to Hell.
 64435 | Depths:2 | Noticed Sojobo
 64612 | Depths:2 | Reached XP level 21. HP: 70/175 MP: 7/39
 65167 | Depths:2 | Killed Sojobo
 66329 | Depths:2 | Found a burning altar of Makhleb.
 66354 | Depths:2 | Identified Luxziut's Reference Book on Arcane Weapons
 66356 | Depths:2 | Identified Qeriv's Almanac of Supportive Conjuration
 66365 | Depths:2 | Learned a level 6 spell: Shadow Creatures
 66389 | Depths:2 | Found a runed door.
 66398 | Depths:2 | Found a runed door.
 67392 | Depths:3 | Reached skill level 18 in Fighting
 68347 | Depths:4 | Reached skill level 10 in Armour
 68367 | Depths:4 | Reached skill level 10 in Shields
 68810 | Depths:4 | Found a gateway to a ziggurat.
 69041 | Depths:4 | Paralysed by a floating eye for 2 turns
 69676 | Depths:4 | Noticed a golden dragon
 69698 | Depths:4 | Killed a golden dragon
 69927 | Depths:4 | Reached XP level 22. HP: 179/185 MP: 16/40
 70144 | Depths:4 | Found the +8 whip "Snakebite" {curare, rPois}
 70144 | Depths:4 | Noticed a juggernaut
 70161 | Depths:4 | Killed a juggernaut
 70481 | Depths:5 | Entered Level 5 of the Depths
 70510 | Depths:5 | Found a radiant altar of Vehumet.
 70553 | Depths:5 | Paralysed by a floating eye for 2 turns
 70650 | Depths:5 | Noticed a juggernaut
 70673 | Depths:5 | Killed a juggernaut
 70806 | Depths:5 | Found a gate to the Realm of Zot.
 70900 | Depths:5 | Got a transparent golden ring
 70901 | Depths:5 | Identified the ring of Fudda {rCorr Str+7} (You found it on
                  | level 5 of the Depths)
 70916 | Depths:5 | Paralysed by a great orb of eyes for 7 turns
 71097 | Depths:5 | Identified the amulet "Urchif" {rC- Regen+ Dex+3 Slay+5}
 71208 | Depths:5 | Paralysed by a floating eye for 2 turns
 71288 | Depths:5 | Got a pitted turquoise ring
 71291 | Depths:5 | Identified the ring "Deraup" {rElec rN+ Int+4} (You found
                  | it on level 5 of the Depths)
 71297 | Depths:5 | Noticed Margery
 71313 | Depths:5 | Killed Margery
 71624 | Depths:5 | Reached skill level 19 in Fighting
 71719 | Depths:5 | Identified the +1 robe of the Black Moon {-Cast rPois rF+
                  | Str+3}
 72086 | Depths:5 | Identified the ring of Memnueji {Wiz rPois MR+ Str+3 Dex-4
                  | Slay+3}
 73123 | Vaults:1 | Killed feamirim's ghost
 73313 | Vaults:5 | Entered Level 5 of the Vaults
 73316 | Vaults:5 | Noticed a golden dragon
 73337 | Vaults:5 | Slain by an ettin

Vault maps used:
D:1:      sevenhm_arrival_forest_fort_small_6
D:2:      nicolae_ru_sacrificial_ziggurat
D:3:      lemuel_blue_sif_altar, first_ration, uniq_robin
D:4:      overflow_temple_1_default
D:6:      lemuel_crystal_altar, minmay_temple_entry_antechambers,
          guppyfry_early_elven_hall, uniq_menkaure
D:7:      tso_oasis_becter
D:8:      minmay_curly_fans, lemuel_round_altar, enter_bailey_3
D:9:      minmay_lair_entry_grove, hangedman_glass_teeth, grunt_pizzeria,
          serial_park_tiny_pond
D:11:     zaba_anthell, uniq_maurice
D:12:     david_orc_1_choice, lab_entry_generic
D:13:     skrybe_vaults_entry_preservation, basic_altar
D:14:     hangedman_abyss_or_decor_stabs
D:15:     hangedman_depths_entry_try_elsewhere_first, basic_altar, uniq_azrael
Lair:3:   grunt_megastairs_3, minmay_lair_oklob_chamber
Lair:4:   minmay_lair_oklob_tunnel, minmay_shoals_entry_hut,
          spider_nest_entry_rubble
Lair:5:   minmay_slime_entry_oklob_open, serial_bayou_shore_b
Lair:6:   hangedman_lair_tendril_chambers, uniq_rupert
Shoals:1: nicolae_shoals_water_shrine
Shoals:2: serial_shops, shop, lightli_airlock, uniq_ilsuiw, uniq_polyphemus
Shoals:4: shoals_end_grunt_ice
Spider:1: portal_ice_cave_entry_ice_statue_one, nicolae_crawler_farm
Spider:3: hangedman_spider_mandibles, einodemon_crawler_minivault, uniq_nikola
Spider:4: spider_rune_water, uniq_arachne, uniq_louise
Orc:2:    pf_orc_diabolical, serial_shops, nicolae_shop_crystal, uniq_sonja
Vaults:1: gammafunk_vaults_ghost_grave, nicolae_vaults_puzzle_piece,
          nicolae_vaults_three_branches, vaults_dpeg_hooks,
          vaults_room_stairs_pillars, v_misc_26, nicolae_vaults_holding_cells,
          vaults_dpeg_encased_lava, v_misc_27, nicolae_vaults_little_squares_6,
          v_misc_11, v_rooms_4, serial_shops, shop
Vaults:2: hangedman_vaults_stagger, vaults_room_stairs_pillars, v_misc_10,
          vaults_standard_mumra_x, nicolae_vaults_little_squares_6,
          v_alt_pattern_2, nicolae_vaults_what_the_h, vaults_mumra_chevron,
          v_rooms_6, nicolae_vaults_little_squares_1,
          nicolae_vaults_ring_of_whatevers, ontoclasm_vaults_fault, v_misc_25,
          ontoclasm_vaults_shuriken, nicolae_vaults_little_squares_2,
          nicolae_vaults_asterisk
Vaults:3: vaults_mumra_minichess_inversion, v_pattern_3,
          nicolae_vaults_specimen_jars, minmay_crypt_entry_necro_gods,
          serial_ice_m, ontoclasm_vaults_loading_screen, v_misc_30, v_misc_30,
          serial_shops, shop_fountains, uniq_asterion, uniq_boris, uniq_jory
Vaults:4: grunt_vaults_trifunnel, hangedman_vaults_nodes, v_misc_18, v_misc_4,
          ontoclasm_vaults_pinch, v_misc_27, nicolae_vaults_border_crossing,
          ontoclasm_vaults_tryst, ontoclasm_vaults_idyll, serial_ice_g,
          nicolae_vaults_diagonal_hallway_9, vaults_room_glass_cross,
          mu_enter_wizlab_1, uniq_saint_roka
Vaults:5: serial_shops
Depths:1: abyss_entry, grunt_hell_horde, serial_sigils_hangedman_quiver,
          minmay_misc_feat_five, nicolae_sextant, item_on_display_a
Depths:2: evilmike_makhleb_hellhole, chequers_serial_rivers_room_a,
          rand_demon_pan_entry_1, hell_entry, dk_noncrumbling_4,
          minmay_staircase_windowed_large, uniq_sojobo
Depths:3: hangedman_arrow_trap, hangedman_abyss_entry_splay, hell_entry,
          rand_demon_pan_entry_4, minmay_staircase_windowed_small
Depths:4: giant_chief_lemuel, enter_ziggurat_a, hell_entry,
          grunt_pan_entry_in_and_out, abyss_entry, minmay_hedge_maze
Depths:5: hangedman_spin_cycle, hell_entry, abyss_entry
Lab:      labyrinth_hidden_loot, nicolae_lab_starburst, lab_statue,
          nicolae_lab_grate_2, nicolae_lab_t_cross
Bailey:   bailey_axe_4, bailey
WizLab:   wizlab_iskenderun

Skill      XL: |  1  2  3  4  5  6  7  8  9 10 11 12 13 14 15 16 17 18 19 20 21 22 |
---------------+-------------------------------------------------------------------+-----
Spellcasting   | 3 4 5 6 7 8 9 11 12 13 14 | 14.0
Fighting       | 1 2 3 4 5 6 7 9 10 11 12 14 15 16 17 18 19 | 19.4
Polearms       | 1 2 3 4 5 6 7 8 10 11 14 | 14.0
Summonings     | 4 5 6 7 8 9 |  9.0
Ice Magic      | 2 3 4 5 6 7 |  7.0
Air Magic      | 1 2 3 5 6 7 |  7.0
Necromancy     | 4 7 10 12 | 12.0
Earth Magic    | 2 4 5 6 8 |  8.0
Stealth        | 0 |  0.0
Dodging        | 3 5 6 9 10 11 12 | 12.0
Shields        | 4 8 11 13 | 13.7
Armour         | 5 8 9 10 | 10.0

Action                   |  1- 3 |  4- 6 |  7- 9 | 10-12 | 13-15 | 16-18 | 19-21 | 22-24 || total
-------------------------+-------+-------+-------+-------+-------+-------+-------+-------++-------
Melee: Spear             |   110 |   328 |   386 |       |       |       |       |       ||   824
       Trident           |       |       |    19 |   405 |   979 |       |       |       ||  1403
       Demon trident     |       |       |       |       |   271 |   946 |  1123 |   273 ||  2613
 Cast: Summon Small Mamm |     6 |       |       |       |       |     1 |     1 |       ||     8
       Call Canine Famil |     2 |    28 |    27 |    14 |     4 |     3 |     1 |     1 ||    80
       Call Imp          |     1 |    19 |     5 |       |       |       |       |       ||    25
       Summon Ice Beast  |       |     1 |    12 |    39 |    12 |     8 |     7 |       ||    79
       Summon Lightning  |       |       |    27 |    70 |    44 |    45 |    62 |    10 ||   258
       Mephitic Cloud    |       |       |       |    12 |     9 |     2 |       |       ||    23
       Borgnjor's Vile C |       |       |       |    31 |   215 |   287 |   250 |    69 ||   852
       Animate Dead      |       |       |       |     2 |     7 |       |     2 |     1 ||    12
       Death Channel     |       |       |       |       |       |     1 |     1 |       ||     2
       Shadow Creatures  |       |       |       |       |       |       |       |     5 ||     5
Invok: Sacrifice Experie |     1 |       |       |       |       |       |       |       ||     1
       Reject Sacrifices |       |       |     1 |       |       |       |       |       ||     1
       Sacrifice Stealth |       |       |       |     1 |       |       |       |       ||     1
       Sacrifice Arcana  |       |       |       |     1 |       |       |       |       ||     1
       Draw Out Power    |       |       |       |       |     1 |       |     1 |       ||     2
       Sacrifice Artific |       |       |       |       |     1 |       |       |       ||     1
       Apocalypse        |       |       |       |       |     1 |     4 |     8 |     3 ||    16
Evoke: Wand              |       |       |     1 |     3 |       |       |       |       ||     4
  Use: Scroll            |       |       |    10 |     9 |    14 |     8 |     9 |     6 ||    56
 Stab: Sleeping          |     5 |     3 |     2 |     4 |       |       |       |       ||    14
       Distracted        |       |     5 |     5 |     5 |     9 |    14 |     7 |     6 ||    51
       Confused          |       |       |       |     4 |     3 |       |       |       ||     7
       Invisible         |       |       |       |     3 |     8 |     5 |     3 |       ||    19
       Paralysed         |       |       |       |       |    18 |     2 |    15 |    15 ||    50
Armor: Robe              |     8 |       |       |       |       |       |       |       ||     8
       Leather armour    |     7 |    72 |   148 |   175 |   274 |   193 |   128 |    26 ||  1023
Dodge: Dodged            |    59 |   129 |   155 |   189 |   633 |   485 |   454 |    76 ||  2180
Block: Buckler           |       |       |       |       |    60 |   130 |   107 |    26 ||   323

Table legend:
 A = Non-vault XP
 B = Vault XP
 C = Vault XP percentage of total XP
 D = Non-vault monster count
 E = Vault monster count
 F = Vault count percentage of total count
                 A         B        C        D         E       F
            +---------+---------+-------+---------+---------+-------
      Total |  392284 |  437498 |  52.7 |    1080 |     713 |  39.8
            +---------+---------+-------+---------+---------+-------
        D:1 |      49 |       0 |   0.0 |      25 |       0 |   0.0
        D:2 |      64 |       0 |   0.0 |      19 |       0 |   0.0
        D:3 |     105 |      22 |  17.3 |      18 |      12 |  40.0
        D:4 |     277 |       0 |   0.0 |      13 |       0 |   0.0
        D:5 |     383 |       0 |   0.0 |      17 |       0 |   0.0
        D:6 |     433 |     405 |  48.3 |      10 |       2 |  16.7
        D:7 |     609 |       0 |   0.0 |      21 |       0 |   0.0
        D:8 |     485 |     671 |  58.0 |      14 |       9 |  39.1
        D:9 |    1483 |     987 |  40.0 |      26 |      14 |  35.0
       D:10 |    2166 |       0 |   0.0 |      29 |       0 |   0.0
       D:11 |    5297 |    4184 |  44.1 |      50 |      42 |  45.7
       D:12 |    2451 |     662 |  21.3 |      10 |       9 |  47.4
       D:13 |    6256 |    3915 |  38.5 |      26 |       9 |  25.7
       D:14 |    7490 |      96 |   1.3 |      23 |       1 |   4.2
       D:15 |   16224 |    4931 |  23.3 |      40 |      11 |  21.6
     Lair:1 |     713 |       0 |   0.0 |       3 |       0 |   0.0
     Lair:2 |    2167 |       0 |   0.0 |      17 |       0 |   0.0
     Lair:3 |    3984 |     453 |  10.2 |      31 |       2 |   6.1
     Lair:4 |    6123 |    1619 |  20.9 |      24 |       7 |  22.6
     Lair:5 |    4275 |    1240 |  22.5 |      18 |       5 |  21.7
     Lair:6 |   14765 |   10198 |  40.9 |      43 |      37 |  46.2
   Shoals:1 |   11455 |    4188 |  26.8 |      28 |       9 |  24.3
   Shoals:2 |    9315 |    8216 |  46.9 |      21 |       9 |  30.0
   Shoals:3 |   12000 |       0 |   0.0 |      25 |       0 |   0.0
   Shoals:4 |   10674 |   20631 |  65.9 |      22 |      32 |  59.3
   Spider:1 |   16186 |    2360 |  12.7 |      42 |       8 |  16.0
   Spider:2 |    8513 |       0 |   0.0 |      27 |       0 |   0.0
   Spider:3 |   10941 |    5467 |  33.3 |      34 |       8 |  19.0
   Spider:4 |   19336 |    6018 |  23.7 |      43 |       8 |  15.7
      Orc:1 |    4925 |       0 |   0.0 |      40 |       0 |   0.0
      Orc:2 |    1320 |   16931 |  92.8 |      31 |      60 |  65.9
   Vaults:1 |   35091 |   20453 |  36.8 |      61 |      29 |  32.2
   Vaults:2 |   19641 |   24863 |  55.9 |      27 |      38 |  58.5
   Vaults:3 |   24034 |   36579 |  60.3 |      32 |      38 |  54.3
   Vaults:4 |   42289 |   47346 |  52.8 |      59 |      70 |  54.3
   Vaults:5 |    3600 |   20681 |  85.2 |       5 |      22 |  81.5
   Depths:1 |   24606 |       0 |   0.0 |      36 |       0 |   0.0
   Depths:2 |   18302 |   27454 |  60.0 |      28 |      33 |  54.1
   Depths:3 |   11722 |   15850 |  57.5 |      12 |      17 |  58.6
   Depths:4 |   32535 |   40351 |  55.4 |      30 |      50 |  62.5
   Depths:5 |       0 |   84095 | 100.0 |       0 |      80 | 100.0
        Lab |       0 |    1052 | 100.0 |       0 |       3 | 100.0
     Bailey |       0 |      82 | 100.0 |       0 |       9 | 100.0
     WizLab |       0 |   25498 | 100.0 |       0 |      30 | 100.0
            +---------+---------+-------+---------+---------+-------
